 Dungeon Crawl Stone Soup version 0.17-a0-2101-g0c122e7 (webtiles) character file.

1240 Guts the Carver (level 8, -10/87 HPs)
             Began as a Human Berserker on Oct 18, 2015.
             Was a Priest of Trog.
             Mangled by Pikel
             ... wielding a +0 whip of electrocution
              (15 damage)
             ... on level 5 of the Dungeon.
             The game lasted 00:12:44 (4506 turns).

Guts the Carver (Human Berserker)                   Turns: 4506, Time: 00:12:44

Health: -10/87     AC:  7    Str: 24    XL:     8   Next: 78%
Magic:  0/8        EV: 11    Int:  8    God:    Trog [***...]
Gold:   263        SH:  0    Dex: 13    Spells: 0 memorised, 7 levels left

rFire  . . .     SeeInvis .     y - +1 falchion (freeze)
rCold  . . .     Clarity  .     e - +0 ring mail
rNeg   . . .     SustAt   .     (no shield)
rPois  .         Gourm    .     (no helmet)
rElec  .         Spirit   +     x - +0 cloak (curse)
rCorr  .         Warding  .     (no gloves)
rMut   .         Stasis   .     p - +0 pair of boots
MR     ++...                    F - amulet of guardian spirit
Stlth  ..........               (no ring)
                                (no ring)

@: berserking (expiring), regenerating, very quick, very resistant to hostile
enchantments, extremely unstealthy
A: no striking features
a: Burn Spellbooks, Berserk, Trog's Hand, Renounce Religion


You were on level 5 of the Dungeon.
You worshipped Trog.
Trog was most pleased with you.
You were very hungry.

You visited 1 branch of the dungeon, and saw 5 of its levels.

You collected 263 gold pieces.

Inventory:

Hand Weapons
 y - a +1 falchion of freezing (weapon)
 A - a +0 long sword
Missiles
 a - 6 tomahawks (quivered)
 r - 24 sling bullets
 s - 13 poisoned needles
Armour
 e - a +0 ring mail (worn)
 p - a +0 pair of boots (worn)
 x - a cursed +0 cloak (worn)
 E - a +0 scale mail
Jewellery
 F - an amulet of guardian spirit (around neck)
Wands
 b - a wand of polymorph (14)
Scrolls
 d - 3 scrolls of teleportation {unknown}
 g - 6 scrolls of identify {unknown}
 i - a scroll of fear {unknown}
 j - a scroll of blinking {unknown}
 k - a scroll of immolation {unknown}
 l - a scroll of amnesia {unknown}
 m - a scroll of enchant weapon {unknown}
 u - a scroll of remove curse {unknown}
 C - a scroll of noise {unknown}
 D - a scroll of random uselessness {unknown}
Potions
 h - a potion of invisibility {unknown}
 n - a potion of haste {unknown}
 o - 2 potions of might {unknown}
 q - a potion of poison {unknown}
 t - 2 potions of heal wounds {unknown}
 w - a potion of brilliance {unknown}
 z - 4 potions of curing
 B - a potion of berserk rage {unknown}
Comestibles
 c - 4 bread rations
 f - 3 meat rations
 v - 2 beef jerkies


   Skills:
 - Level 3.0 Fighting
 + Level 10.3 Long Blades
 - Level 2.0 Armour
 - Level 2.0 Dodging


You had 7 spell levels left.
You didn't know any spells.

Dungeon Overview and Level Annotations

Branches:
Dungeon (5/15)
 Temple: D:4-7

Altars:

Annotations:
D:5 Pikel


Message History

You are electrocuted!
* * * LOW HITPOINT WARNING * * *
You barely miss Pikel. You slash Pikel! You freeze Pikel.
Pikel is moderately wounded.
Pikel zaps a wand.
The bolt of lightning hits you!
* * * LOW HITPOINT WARNING * * *
You closely miss Pikel.
Pikel is moderately wounded.
You closely miss Pikel.
Pikel is moderately wounded.
Pikel zaps a wand.
Nothing appears to happen.
You slash Pikel! You freeze Pikel.
Pikel is heavily wounded.
You slash Pikel! You freeze Pikel.
Pikel is almost dead.
Pikel hits you with a whip of electrocution!
* * * LOW HITPOINT WARNING * * *
You are electrocuted!
You die...

#.#.# ...# #####.#.# ...#
........# ######## ...# ##.......
.......### ...# #.......
.........#########.p.# #.......
.................+...+ +.......
..........########p..# #.......
..........#.....@Kp..+ +.......
..........#.######p..# #.......
..........#.# ...# #.......
..........#.# #### #.......
..........#.# #.......
............# #.......
..........#################'#####
............................#
.....[...####################


You could see Pikel and 3 slaves.

Vanquished Creatures
  3 ogres (D:4)
  A sky beast (D:5)
  2 phantoms
  2 scorpions (D:4)
  A centaur zombie (D:5)
  A hound (D:4)
  4 orc priests
  An orc wizard (D:3)
  6 worker ants (D:4)
  An iguana (D:4)
  A hound zombie (D:5)
  A hound skeleton (D:4)
  8 adders
  An ooze (D:2)
  2 worms
  4 giant geckos
  15 orcs
  5 giant cockroaches
  8 goblins
  9 hobgoblins
  3 jackals (D:2)
  A quokka (D:2)
  A ball python (D:3)
  3 bats
  A giant gecko skeleton (D:4)
  7 giant newts
  A jackal zombie (D:5)
  5 kobolds
  A quokka skeleton (D:4)
  9 rats
108 creatures vanquished.

Notes
Turn   | Place    | Note
--------------------------------------------------------------
     0 | D:1      | Guts the Human Berserker began the quest for the Orb.
     0 | D:1      | Reached XP level 1. HP: 18/18 MP: 1/1
   141 | D:1      | Reached XP level 2. HP: 17/24 MP: 2/2
   713 | D:2      | Found a faded altar to an unknown god.
   732 | D:2      | Reached skill level 4 in Long Blades
   732 | D:2      | Reached XP level 3. HP: 10/29 MP: 3/3
   931 | D:2      | Reached ** piety under Trog
  1039 | D:2      | Reached XP level 4. HP: 24/35 MP: 4/4
  1276 | D:2      | Reached skill level 5 in Long Blades
  1651 | D:2      | Reached XP level 5. HP: 17/41 MP: 5/5
  2264 | D:3      | Reached *** piety under Trog
  2482 | D:4      | Reached skill level 6 in Long Blades
  2505 | D:4      | Reached XP level 6. HP: 21/47 MP: 6/6
  3119 | D:4      | Reached skill level 7 in Long Blades
  3211 | D:4      | Noticed an ogre
  3217 | D:4      | Reached XP level 7. HP: 52/52 MP: 7/7
  3220 | D:4      | Killed an ogre
  3370 | D:4      | Reached skill level 8 in Long Blades
  3686 | D:4      | Noticed a phantom
  3743 | D:4      | Killed a phantom
  3752 | D:4      | Noticed an ogre
  3758 | D:4      | Killed an ogre
  3758 | D:4      | Reached skill level 9 in Long Blades
  3758 | D:4      | Reached XP level 8. HP: 58/58 MP: 8/8
  3971 | D:5      | Entered Level 5 of the Dungeon
  4202 | D:5      | Reached skill level 10 in Long Blades
  4492 | D:5      | Noticed Pikel
  4506 | D:5      | Mangled by Pikel

Vault maps used:
D:1:      elethiomel_arrival_infinity_welcomes_careful_drivers, minivault_25
D:2:      first_bread, ecumenical_altar_2, minmay_misc_feat_chi
D:3:      corexii_leaking_fountain, minmay_misc_feat_diagonals,
          kennysheep_pointless_box, kennysheep_generic_room_12
D:4:      serial_park_tiny_2
D:5:      uniq_duvessa, uniq_pikel

Action                   |  1- 3 |  4- 6 |  7- 9 || total
-------------------------+-------+-------+-------++-------
Melee: Falchion          |    88 |   282 |   156 ||   526
Throw: Throwing net      |     2 |     1 |       ||     3
       Tomahawk          |       |     2 |     6 ||     8
Invok: Berserk           |       |     2 |     2 ||     4
       Trog's Hand       |       |     3 |     3 ||     6
  Use: Potion            |     1 |       |       ||     1
  Eat: Chunk             |       |     9 |     6 ||    15
